AoeStats
← msheehandub

Migration

510198750Analyzed
1v1 RM · 2d ago on Sep 29, 2026· 72m 3s· 2 players
Game mode
Random Map
Map size
132×132
Population
200
Speed
Normal
Resources
Standard
Victory
Conquest
Starting age
Dark Age
Ending age
Imperial Age
RankedLock teamsTeams togetherTeam positionsShared explorationLock speedFull tech treeHidden civsTurbo modeCheats
Victory
Defeat
🇲🇽 Teutons · Mexico
862
+15
🇸🇦 Japanese · Saudi Arabia
851
-15
msheehandub
11:57 Feudal Age
10:13 Loom
15:43 Castle Age
13:57 Loom
22:34 Man-at-Arms
29:49 Crossbowman
30:22 Double-Bit Axe
31:45 Bloodlines
32:06 Scale Barding Armor
32:39 Fletching
36:20 Long Swordsman
55:01 Squires
AFK Gamer
8:11 Loom
10:16 Feudal Age
14:32 Town Watch
18:21 Wheelbarrow
29:29 Arson
32:54 Castle Age
31:10 Fletching
36:04 Bodkin Arrow
36:20 Forging
36:44 Pikeman
43:04 Redemption
44:21 Redemption
45:32 Sanctity
45:37 Town Patrol
50:26 Imperial Age
48:53 Scale Mail Armor
51:38 Padded Archer Armor
51:57 Elite Skirmisher
55:45 Leather Archer Armor
Connection lost

Rejoining the realm…

Still unreachable

The connection could not be restored.

Session expired

The server has moved on; the page needs a fresh start.